 Dungeon Crawl Stone Soup version 0.27.0-1-g7a089689b8 (webtiles) character file.

Game seed: 11589843096070650446

34 Conn the Firebug (level 3, -1/19 HPs)
             Began as a Deep Elf Fire Elementalist on Aug 1, 2021.
             Slain by Terence (9 damage)
             ... on level 2 of the Dungeon.
             The game lasted 00:03:52 (1264 turns).

Conn the Firebug (Deep Elf Fire Elementalist)       Turns: 1264, Time: 00:03:53

Health: -1/19      AC:  2    Str:  5    XL:     3   Next: 14%
Magic:  10/10      EV: 12    Int: 20    God:
Gold:   30         SH:  0    Dex: 15    Spells: 8/9 levels left

rFire    . . .     SeeInvis .   h - +0 dagger
rCold    . . .     Faith    .   (no shield)
rNeg     . . .     Spirit   .   a - +0 robe
rPois    .         Reflect  .   (no helmet)
rElec    .         Harm     .   (no cloak)
rCorr    .         Rampage  .   (no gloves)
Will     .....                  (no boots)
Stlth    ++........             (no amulet)
HPRegen  0.06/turn              (no ring)
MPRegen  0.12/turn              (no ring)

@: no status effects
A: no striking features
a: no special abilities


You were on level 2 of the Dungeon.
You visited 1 branch of the dungeon, and saw 2 of its levels.

You collected 30 gold pieces.

Inventory:

Hand Weapons
 e - a +0 short sword
 h - a +0 dagger (weapon)
Armour
 a - a +0 robe (worn)
Scrolls
 b - a scroll of teleportation {unknown}
 c - a scroll of enchant armour {unknown}
 g - 3 scrolls of identify {unknown}
 i - a scroll of brand weapon {unknown}
Potions
 d - a potion of lignification {unknown}
 f - a potion of brilliance {unknown}
 k - a potion of mutation {unknown}


   Skills:
 + Level 0.1 Short Blades
 + Level 2.6 Dodging
 + Level 2.9 Stealth
 + Level 3.5 Spellcasting
 + Level 1.3 Conjurations
 + Level 4.0 Fire Magic


You had 8 spell levels left.
You knew the following spells:

 Your Spells              Type           Power      Damage    Failure   Level
a - Foxfire               Conj/Fire      56%        2x1d6     4%          1

Your spell library contained the following spells:

 Spells                   Type           Power      Damage    Failure   Level
 Conjure Flame            Conj/Fire      14%        6-21      13%         3
 Sandblast                Erth           6%         2d5       14%         1
 Inner Flame              Hex/Fire       11%        N/A       19%         3
 Passwall                 Tmut/Erth      2%         N/A       21%         2
 Sticky Flame             Conj/Fire      14%        2d4       41%         4
 Fireball                 Conj/Fire      7%         3d5       77%         5
 Lee's Rapid Deconstruct  Erth           1%         3d5*      98%         5


Dungeon Overview and Level Annotations

Branches:
Dungeon (2/15)

Altars:

Annotations:
D:2 Terence


Message History

Casting: Foxfire (safe; 4% risk of failure)
Confirm with . or Enter, or press ? or * to list all spells.
You conjure some foxfire!
The foxfire hits Terence.
Terence is severely wounded.
Unknown command.
You barely miss Terence.
Terence is severely wounded.
Terence is no longer blind.
The foxfire hits Terence but does no damage.
Terence is severely wounded.
Throw: 2 darts (atropa)
Press: ? - help, Q - select action, (/) - cycle Shift-Dir - straight line, f/p - Terence
Aim: Terence, wielding a +0 mace and wearing a +3 ring mail (severely wounded, 61% to hit, chance to blind on hit: 100%)
You throw an atropa-tipped dart. The atropa-tipped dart hits Terence.
Terence appears confused.
Terence is severely wounded.
Casting: Foxfire (safe; 4% risk of failure)
Confirm with . or Enter, or press ? or * to list all spells.
You conjure some foxfire!
Terence seems less confused.
Unknown command.
You hit Terence.
Terence is severely wounded.
The foxfire hits Terence but does no damage.
Terence is severely wounded.
The foxfire hits Terence but does no damage.
Terence is severely wounded.
Terence hits you with a +0 mace!
* * * LOW HITPOINT WARNING * * *
Terence is no longer blind.
Terence shouts, "DIE!!!"
You see here an atropa-tipped dart.
You see here an atropa-tipped dart.
Terence says, "Don't bother to defend, it's useless."
Throw: dart (atropa)
Press: ? - help, Q - select action, (/) - cycle Shift-Dir - straight line, f/p - Terence
Aim: Terence, wielding a +0 mace and wearing a +3 ring mail (severely wounded, 61% to hit, chance to blind on hit: 100%)
You throw an atropa-tipped dart.
The atropa-tipped dart closely misses Terence.
Terence hits you with a +0 mace!
You die...

.....# #######(#.#
.....# #...###.#.#
.....####...#..(..#
.................##
.............###.##
.........†...# #..#
######.......# ##.#
#.......####.##
#...(.....@@..#
#....(..#####.#
#.......# .#
#####...#.. .#
#...#### .# #...#
.# #.### .# #.# ##
#.#


You could see Terence.

Vanquished Creatures
  An adder (D:2)
  A worm (D:2)
  A dart slug (D:1)
  An endoplasm (D:2)
  A giant cockroach (D:2)
  3 goblins
  A hobgoblin (D:1)
  2 jackals (D:1)
  3 kobolds (D:1)
  A ball python (D:1)
  A bat (D:2)
  4 rats (D:1)
20 creatures vanquished.

Vanquished Creatures (others)
  50 foxfires
50 creatures vanquished.

Grand Total: 70 creatures vanquished

Notes
Turn   | Place    | Note
-------+----------+-------------------------------------------
     0 | D:1      | Conn the Deep Elf Fire Elementalist began the quest for the
                  | Orb.
     0 | D:1      | Reached XP level 1. HP: 10/10 MP: 6/6
   230 | D:1      | Reached XP level 2. HP: 15/15 MP: 8/8
   403 | D:1      | Found a faded altar of an unknown god.
  1065 | D:2      | Reached XP level 3. HP: 19/19 MP: 6/10
  1066 | D:2      | Reached skill level 4 in Fire Magic
  1189 | D:2      | Noticed Terence
  1264 | D:2      | Slain by Terence

Illustrated notes

Levels and vault maps discovered:
D:1:      lemuel_arrival_muddy, layout_loops_ring,
          shapermc_ecumenical_altar_pompeii, minmay_misc_feat_room,
          minivault_11, minmay_domino_2
D:2:      layout_basic, serial_aquarium, aquarium_bridge_straight
          [aquarium_subvault_bridge, aquarium_subvault_wall,
          aquarium_subvault_bridge, aquarium_subvault_window],
          aquarium_window_1, aquarium_window_1, aquarium_view_2c,
          aquarium_view_2a, aquarium_balcony_5b, serial_shops, shop,
          minmay_tall_x, uniq_terence, uniq_jessica, uniq_sigmund

Skill      XL: |  1  2  3 |
---------------+----------+-----
Fire Magic     | 4 |  4.0
Short Blades   | |  0.1
Dodging        | |  2.6
Stealth        | |  2.9
Spellcasting   | |  3.5
Conjurations   | |  1.3

Action                   || total
-------------------------++-------
Melee: Short sword       ||    18
       Dagger            ||     2
Throw: Dart              ||     3
 Cast: Foxfire           ||    30
 Stab: Sleeping          ||     5
Armor: Robe              ||     1
Dodge: Dodged            ||    16
